[Event "January 2 Early 2024"]
[Site "https://www.chess.com"]
[Date "2024.01.02"]
[Round "2"]
[White "Al-Tarboush, Ward"]
[Black "Aravindh, Chithambaram VR."]
[Result "0-1"]
[Board "40"]
[TimeControl "180+1"]
[WhiteFideId "7601450"]
[BlackFideId "5072786"]
[WhiteElo "2615"]
[BlackElo "2934"]
[WhiteTeam "NOR"]
[BlackTeam "IND"]
[WhiteClock "0:00:12"]
[BlackClock "0:00:25"]

1. e4 Nf6 2. e5 Nd5 3. d4 d6 4. Nf3 dxe5 5. dxe5 Nc6 6. Bc4 Ndb4 7. Qxd8+ Nxd8 8. Na3 Be6 9. Bb5+ Ndc6 10. c3 a6 11. cxb4 axb5 12. Nxb5 Kd7 13. Be3 Rxa2 14. O-O Rxa1 15. Rxa1 Nxb4 16. Rd1+ Nd5 17. Ng5 g6 18. Ne4 Bg7 19. Nc5+ Kc8 20. Ra1 Kb8 21. Nxe6 fxe6 22. Ba7+ Kc8 23. Bd4 Kd7 24. Ra7 c5 25. Bc3 Kc6 26. Na3 Nxc3 27. bxc3 Bxe5 28. c4 Bb8 29. Ra4 Rd8 30. g3 Rd1+ 31. Kg2 Ra1 32. Ra8 Be5 33. Rc8+ Kd7 34. Rxc5 Bd6 35. Nc2 Rc1 36. Rb5 Rxc2 37. Rxb7+ Kc6 38. Ra7 Rxf2+ 0-1

[Event "January 2 Early 2024"]
[Site "https://www.chess.com"]
[Date "2024.01.02"]
[Round "2"]
[White "Kovalev, Vladislav"]
[Black "Assylov, Miras"]
[Result "1-0"]
[Board "41"]
[TimeControl "180+1"]
[WhiteFideId "13504398"]
[BlackFideId "13728873"]
[WhiteElo "2930"]
[BlackElo "2615"]
[WhiteTeam "FID"]
[BlackTeam "KAZ"]
[WhiteClock "0:00:17"]
[BlackClock "0:00:00"]

1. e4 c5 2. Nf3 e6 3. c3 Nf6 4. e5 Nd5 5. d4 cxd4 6. cxd4 d6 7. Bc4 Be7 8. O-O O-O 9. Qe2 Nc6 10. Rd1 Nb6 11. Bd3 Nb4 12. Be4 d5 13. Bd3 Nxd3 14. Rxd3 Bd7 15. Nc3 Na4 16. Bf4 Rc8 17. Rc1 Nxc3 18. Rdxc3 Rxc3 19. Rxc3 Qa5 20. a3 Rc8 21. Rxc8+ Bxc8 22. Qc2 Bd7 23. Bd2 Qb6 24. Bb4 Bxb4 25. axb4 h6 26. Qc5 Qxc5 27. bxc5 Bb5 28. Nd2 Kf8 29. f4 Ke7 30. Kf2 Kd7 31. Nb1 a5 32. Nc3 Bc4 33. g4 Kc6 34. Ke3 Bb3 35. f5 Bc2 36. f6 g6 37. h4 b6 38. cxb6 Kxb6 39. Nxd5+ exd5 40. e6 1-0

[Event "January 2 Early 2024"]
[Site "https://www.chess.com"]
[Date "2024.01.02"]
[Round "2"]
[White "Manukyan, Sargis A."]
[Black "Vasquez Schroeder, Rodrigo"]
[Result "1-0"]
[Board "42"]
[TimeControl "180+1"]
[WhiteFideId "13303970"]
[BlackFideId "3400042"]
[WhiteElo "2614"]
[BlackElo "2924"]
[WhiteTeam "ARM"]
[BlackTeam "CHI"]
[WhiteClock "0:00:30"]
[BlackClock "0:00:15"]

1. d4 Nf6 2. c4 e6 3. Nc3 Bb4 4. e3 O-O 5. a3 Bxc3+ 6. bxc3 c5 7. Bd3 b6 8. Ne2 Nc6 9. O-O Ba6 10. e4 Ne8 11. f4 f5 12. exf5 exf5 13. dxc5 bxc5 14. Be3 Qe7 15. Bf2 Nc7 16. Ng3 g6 17. Re1 Qd6 18. Be2 Rf6 19. Qxd6 Rxd6 20. Bxc5 Rd2 21. Rad1 Rxd1 22. Rxd1 Ne6 23. Be3 Na5 24. Rxd7 Bxc4 25. Bf3 Rb8 26. h4 a6 27. h5 Rb3 28. Bd4 Nxd4 29. cxd4 Rxa3 30. h6 Re3 31. d5 Re8 32. d6 Be6 33. Rg7+ Kh8 34. Ra7 Nc4 35. Bc6 Rd8 36. d7 Nb6 37. Rxa6 Nxd7 38. Bb5 Nf8 39. Ne2 Kg8 40. Kf2 Kf7 41. Ra7+ Kf6 42. Ke3 Bf7 43. Nd4 Rb8 44. Ra6+ Ke7 45. Nc6+ 1-0

[Event "January 2 Early 2024"]
[Site "https://www.chess.com"]
[Date "2024.01.02"]
[Round "2"]
[White "Manukian, Artak"]
[Black "Donchenko, Alexander"]
[Result "0-1"]
[Board "43"]
[TimeControl "180+1"]
[WhiteFideId "13301373"]
[BlackFideId "24603295"]
[WhiteElo "2609"]
[BlackElo "2920"]
[WhiteTeam "ARM"]
[BlackTeam "GER"]
[WhiteClock "0:00:00"]
[BlackClock "0:00:57"]

1. e4 c6 2. d4 d5 3. e5 Bf5 4. c4 e6 5. Nc3 Ne7 6. Nf3 Nd7 7. Nh4 h6 8. cxd5 cxd5 9. Nb5 Nc6 10. Nxf5 exf5 11. Nc3 Nb6 12. Bb5 Be7 13. O-O O-O 14. Be3 a6 15. Bxc6 bxc6 16. Rc1 Nc4 17. b3 Nxe3 18. fxe3 g6 19. Na4 Rc8 20. Qd3 Qa5 21. Qc3 Bb4 22. Qd3 c5 23. dxc5 Bxc5 24. Kh1 Ba3 25. Rxc8 Rxc8 26. Rd1 Bf8 27. g3 Re8 28. Qxd5 Qc7 29. Qc4 Qb7+ 30. Kg1 Rxe5 31. Re1 h5 32. Kf2 Re4 33. Qd3 h4 34. Nc3 hxg3+ 35. hxg3 Rg4 36. Nd5 Bg7 37. Nf4 Be5 38. Qd8+ Kg7 0-1

[Event "January 2 Early 2024"]
[Site "https://www.chess.com"]
[Date "2024.01.02"]
[Round "2"]
[White "Corrales Jimenez, Fidel"]
[Black "Chitre Arush"]
[Result "1-0"]
[Board "44"]
[TimeControl "180+1"]
[WhiteFideId "3506690"]
[BlackFideId "25959026"]
[WhiteElo "2918"]
[BlackElo "2609"]
[WhiteTeam "USA"]
[BlackTeam "IND"]
[WhiteClock "0:01:22"]
[BlackClock "0:00:01"]

1. e4 e5 2. Nf3 Nc6 3. d4 exd4 4. Nxd4 Nf6 5. Nxc6 bxc6 6. e5 Qe7 7. Qe2 Nd5 8. c4 Ba6 9. b3 g5 10. Bb2 Bg7 11. g3 O-O-O 12. Nd2 Nb6 13. O-O-O Rhe8 14. f4 Kb8 15. Bg2 gxf4 16. gxf4 f6 17. Rhe1 fxe5 18. fxe5 d5 19. Nf3 c5 20. Kb1 dxc4 21. Nd2 Bb7 22. Bxb7 Kxb7 23. Nxc4 Nxc4 24. Qxc4 Rxd1+ 25. Rxd1 Rd8 26. Qb5+ Ka8 27. Rc1 Bh6 28. Qc6+ Kb8 29. Qxh6 Qd7 30. Qe3 Qf5+ 31. Ka1 Qf8 32. e6 Qe7 33. Qxc5 Qxc5 34. Rxc5 Re8 35. Re5 1-0

[Event "January 2 Early 2024"]
[Site "https://www.chess.com"]
[Date "2024.01.02"]
[Round "2"]
[White "Andrews, Todd"]
[Black "Dardha, Daniel"]
[Result "1-0"]
[Board "47"]
[TimeControl "180+1"]
[WhiteFideId "2012456"]
[BlackFideId "240990"]
[WhiteElo "2605"]
[BlackElo "2914"]
[WhiteTeam "USA"]
[BlackTeam "BEL"]
[WhiteClock "0:00:11"]
[BlackClock "0:00:00"]

1. d4 d5 2. c4 dxc4 3. Nf3 Nf6 4. e3 a6 5. Bxc4 e6 6. Qe2 c5 7. dxc5 Bxc5 8. O-O O-O 9. Nbd2 b5 10. Bd3 Bb7 11. b3 Nbd7 12. Bb2 Bd6 13. Rfd1 Qb8 14. Rac1 Rd8 15. h3 Ne5 16. Bb1 h6 17. Bd4 Nxf3+ 18. Nxf3 Ne4 19. Qb2 Bf8 20. Be5 Rxd1+ 21. Rxd1 Qe8 22. Qd4 f5 23. Qd7 Bd5 24. Rxd5 exd5 25. Qxd5+ Kh8 26. Bxe4 fxe4 27. Nh4 Rd8 28. Qxe4 Kg8 29. Nf5 Rd1+ 30. Kh2 g6 31. Nd4 Qf7 32. f4 Rd2 33. a4 bxa4 34. bxa4 Kh7 35. Qa8 h5 36. Qxa6 Qd5 37. Qf1 Qe4 38. Nf3 Qxe3 39. Nxd2 Qxd2 40. Qf3 Qb4 41. Qc6 Be7 42. Qd7 Kh6 43. Qe8 1-0

[Event "January 2 Early 2024"]
[Site "https://www.chess.com"]
[Date "2024.01.02"]
[Round "2"]
[White "Sadykov, Ramil"]
[Black "Ibarra Jerez, Jose Carlos"]
[Result "0-1"]
[Board "49"]
[TimeControl "180+1"]
[WhiteFideId "24113590"]
[BlackFideId "2226332"]
[WhiteElo "2605"]
[BlackElo "2911"]
[WhiteTeam "FID"]
[BlackTeam "ESP"]
[WhiteClock "0:00:00"]
[BlackClock "0:00:02"]

1. e4 c5 2. Nf3 e6 3. c4 Nc6 4. Nc3 Nf6 5. Be2 Qc7 6. O-O Ng4 7. h3 h5 8. Nb5 Qb8 9. d4 a6 10. d5 axb5 11. dxc6 bxc6 12. b3 bxc4 13. bxc4 Bd6 14. Rb1 Bh2+ 15. Kh1 Qxb1 16. Nxh2 Nxh2 17. Kxh2 Qxe4 18. Bf3 Qxc4 19. Bb2 O-O 20. Re1 Rxa2 21. Re4 Qxe4 22. Bxe4 Rxb2 23. Qxh5 f5 24. Bf3 Rxf2 25. Qh4 Rd2 26. Qe7 c4 27. h4 c3 28. Qb4 Rd3 29. Qc4 Re3 30. Qd4 f4 31. h5 e5 32. Qc4+ d5 33. Bxd5+ cxd5 34. Qxd5+ Kh7 35. Qc6 c2 36. Qg6+ Kh8 37. h6 Rg8 38. Qxc2 gxh6 39. Qc7 Bf5 40. Qe7 Bd3 41. Qf6+ Kh7 42. Qe7+ Rg7 43. Qf8 Re2 44. Kh3 Re3+ 45. Kh4 Reg3 46. Qh8+ Kxh8 0-1

[Event "January 2 Early 2024"]
[Site "https://www.chess.com"]
[Date "2024.01.02"]
[Round "2"]
[White "Grigorov, Grigor"]
[Black "Grycel, Kamil"]
[Result "0-1"]
[Board "50"]
[TimeControl "180+1"]
[WhiteFideId "2907313"]
[BlackFideId "1115499"]
[WhiteElo "2909"]
[BlackElo "2603"]
[WhiteTeam "BUL"]
[BlackTeam "POL"]
[WhiteClock "0:00:00"]
[BlackClock "0:00:16"]

1. d4 d6 2. Nf3 Bg4 3. e4 Nf6 4. Nbd2 e6 5. c3 d5 6. Bd3 Be7 7. O-O Bh5 8. Re1 c6 9. e5 Nfd7 10. Nf1 Bg6 11. Ng3 c5 12. Be3 Nc6 13. a3 O-O 14. Bxg6 fxg6 15. c4 cxd4 16. Nxd4 Nxd4 17. Qxd4 Bc5 18. Qg4 Qe7 19. cxd5 exd5 20. Bxc5 Nxc5 21. Rad1 Rad8 22. Qb4 b6 23. Ne2 Qxe5 24. Nd4 Qf4 25. f3 Rfe8 26. Nc6 Rxe1+ 27. Qxe1 Rf8 28. Rxd5 h6 29. b4 Na4 30. h4 Kh7 31. Nd4 Rf6 32. Ne6 Qc4 33. Re5 Nc3 34. Re3 Nd5 35. Re4 Qc2 36. Kh2 Qc6 37. Re5 Qd6 38. Kg1 Nf4 39. Nxf4 Rxf4 40. h5 gxh5 41. Rxh5 Qg6 42. Rh3 Rd4 43. Rg3 Qf5 44. Qe3 Rd1+ 45. Kh2 Qh5+ 46. Rh3 Qg6 47. Qe4 Qxe4 48. fxe4 Re1 49. Rd3 Rxe4 50. Rd7 a5 51. bxa5 bxa5 52. Rd3 Ra4 53. Kh3 Kg6 54. g4 Kg5 55. Rd5+ Kg6 56. Rd3 Kg5 57. Rd5+ Kf6 58. Rd3 Re4 59. Kg3 a4 60. Kh4 Rc4 61. Rd6+ Ke5 62. Rg6 Rc7 63. Ra6 Rc4 64. Kh5 Kf4 0-1

[Event "January 2 Early 2024"]
[Site "https://www.chess.com"]
[Date "2024.01.02"]
[Round "2"]
[White "Maltsevskaya, Aleksandra"]
[Black "Pranav Anand"]
[Result "0-1"]
[Board "51"]
[TimeControl "180+1"]
[WhiteFideId "24174041"]
[BlackFideId "46626786"]
[WhiteElo "2602"]
[BlackElo "2909"]
[WhiteTeam "POL"]
[BlackTeam "IND"]
[WhiteClock "0:00:00"]
[BlackClock "0:01:36"]

1. e4 c5 2. Nf3 Nc6 3. d4 cxd4 4. Nxd4 Nf6 5. Nc3 d6 6. Bg5 e6 7. Qd2 a6 8. O-O-O Be7 9. h4 Bd7 10. f3 Nxd4 11. Qxd4 b5 12. e5 dxe5 13. Qxe5 h6 14. Bxf6 Bxf6 15. Qd6 Qe7 16. Qxe7+ Kxe7 17. Ne4 Be5 18. g3 Bc6 19. Rg1 Rhd8 20. Rxd8 Rxd8 21. Bd3 f5 22. Nd2 Kf6 23. g4 g6 24. h5 g5 25. Kd1 Bf4 26. Rf1 Be5 27. b3 Bf4 28. Ke2 Rd5 29. a3 Re5+ 30. Kd1 a5 31. Rf2 Rc5 32. Rf1 a4 33. bxa4 bxa4 34. Ke2 Re5+ 35. Kd1 Rc5 36. Ke2 Bd5 37. Rb1 Rc3 38. Rb6 fxg4 39. fxg4 Rxa3 40. Ne4+ Ke5 41. Nd2 Bxd2 42. Kxd2 Kf4 43. Rb4+ Ke5 44. Rb8 Ra1 45. Rh8 a3 0-1

[Event "January 2 Early 2024"]
[Site "https://www.chess.com"]
[Date "2024.01.02"]
[Round "2"]
[White "Ambartsumova, Karina"]
[Black "Klymchuk, Andriy"]
[Result "0-1"]
[Board "54"]
[TimeControl "180+1"]
[WhiteFideId "4166299"]
[BlackFideId "14140063"]
[WhiteElo "2593"]
[BlackElo "2893"]
[WhiteTeam "RUS"]
[BlackTeam "UKR"]
[WhiteClock "0:00:04"]
[BlackClock "0:01:36"]

1. d4 Nf6 2. c4 c5 3. d5 b5 4. cxb5 a6 5. b6 e6 6. Nc3 Nxd5 7. Nxd5 exd5 8. Qxd5 Nc6 9. Nf3 Rb8 10. e4 Be7 11. Bc4 O-O 12. O-O Rxb6 13. b3 d6 14. Qh5 Be6 15. Bxe6 fxe6 16. Qg4 Qc8 17. Bg5 Bxg5 18. Nxg5 Nd4 19. Rad1 e5 20. Qxc8 Rxc8 21. Nf3 Nxf3+ 22. gxf3 Kf7 23. Rd5 Ke6 24. f4 exf4 25. Rf5 a5 26. Rxf4 a4 27. Rf3 Rcb8 28. bxa4 Ra8 29. Ra3 Rb4 30. a5 Rxe4 31. a6 Rg4+ 32. Kh1 Ra7 33. Rb1 Kd7 34. f3 Rd4 35. Kg2 Kc6 36. Rb2 Rb4 37. Rxb4 cxb4 38. Rb3 Rxa6 39. Rxb4 Rxa2+ 40. Kg3 d5 41. Rh4 h6 42. Rg4 Ra7 43. Kf4 Re7 44. Rg1 d4 45. Kf5 Kd5 46. h4 d3 47. Ra1 Kd4 48. Ra8 d2 49. Rd8+ Ke3 50. f4 Ke2 51. Kg6 d1=Q 52. Rxd1 Kxd1 53. f5 Ke2 54. h5 Kf3 55. f6 gxf6 56. Kxh6 f5 57. Kg6 f4 58. h6 Kg4 0-1

[Event "January 2 Early 2024"]
[Site "https://www.chess.com"]
[Date "2024.01.02"]
[Round "2"]
[White "Zarnicki, Pablo"]
[Black "Mitrabha, Guha"]
[Result "0-1"]
[Board "55"]
[TimeControl "180+1"]
[WhiteFideId "100137"]
[BlackFideId "5057000"]
[WhiteElo "2587"]
[BlackElo "2893"]
[WhiteTeam "ARG"]
[BlackTeam "IND"]
[WhiteClock "0:01:20"]
[BlackClock "0:02:17"]

1. e4 c6 2. d4 d5 3. Nc3 dxe4 4. Nxe4 Nf6 5. Nxf6+ gxf6 6. Nf3 h5 7. c3 h4 8. Bf4 Nd7 9. h3 Nb6 10. Qc2 Qd5 11. c4 Qf5 12. Qxf5 Bxf5 13. O-O-O e6 14. b3 a5 15. a4 O-O-O 16. Bd3 Bxd3 17. Rxd3 Bb4 18. g4 e5 19. Nxe5 fxe5 20. Bxe5 Rhe8 21. Bf6 Be7 22. Be5 Bg5+ 23. Kc2 Nd7 24. f4 Nxe5 25. fxe5 f6 26. exf6 Bxf6 27. Rhd1 Re4 28. d5 c5 29. R1d2 Rde8 30. Rf2 Bd4 31. Rg2 Re3 32. g5 Rxd3 33. Kxd3 Re3+ 34. Kc2 Rxh3 35. g6 Rg3 36. Rh2 h3 0-1

[Event "January 2 Early 2024"]
[Site "https://www.chess.com"]
[Date "2024.01.02"]
[Round "2"]
[White "Kukhmazov, Arsen"]
[Black "Shubenkova, Veronika"]
[Result "1/2-1/2"]
[Board "56"]
[TimeControl "180+1"]
[WhiteFideId "24108260"]
[BlackFideId "44124040"]
[WhiteElo "2886"]
[BlackElo "2586"]
[WhiteTeam "FID"]
[BlackTeam "RUS"]
[WhiteClock "0:00:05"]
[BlackClock "0:00:24"]

1. d4 d5 2. c4 e6 3. Nc3 f5 4. Bf4 Nf6 5. e3 c6 6. Bd3 Bd6 7. Nf3 O-O 8. O-O Ne4 9. Qc2 Qe7 10. Rab1 Nd7 11. c5 Bb8 12. b4 a6 13. a4 e5 14. dxe5 Nxe5 15. Bxe5 Bxe5 16. Nxe5 Qxe5 17. Ne2 Bd7 18. f4 Qe7 19. Bxe4 fxe4 20. Nd4 Rf6 21. h3 Raf8 22. Qf2 Rg6 23. Kh2 Rh6 24. f5 Rhf6 25. g4 h6 26. Qg3 Kh8 27. Rf2 g6 28. g5 hxg5 29. Qxg5 Qe5+ 30. Kh1 Bxf5 31. Qh6+ Kg8 32. Rg1 Kf7 33. Nxf5 Rxf5 34. Qh7+ Ke8 35. Qxg6+ Ke7 36. Rxf5 Rxf5 37. Qg7+ Qxg7 38. Rxg7+ Rf7 39. Rxf7+ Kxf7 40. Kg2 Kg6 41. Kg3 Kg5 42. h4+ Kh5 43. Kh3 Kh6 44. Kg4 Kg6 45. h5+ Kg7 46. a5 Kh6 47. Kh4 Kh7 48. Kg4 Kg7 49. Kf4 Kf6 50. Kg4 Kf7 51. Kh4 Kg7 52. Kg4 Kh6 53. Kh4 Kh7 54. Kg4 Kg7 55. Kf4 Kf7 56. Kg4 Kf6 57. Kf4 Kg7 58. Kg4 1/2-1/2

[Event "January 2 Early 2024"]
[Site "https://www.chess.com"]
[Date "2024.01.02"]
[Round "2"]
[White "Perez Ponsa, Federico"]
[Black "Weishaeutel, Moritz"]
[Result "1-0"]
[Board "57"]
[TimeControl "180+1"]
[WhiteFideId "117927"]
[BlackFideId "12967300"]
[WhiteElo "2877"]
[BlackElo "2586"]
[WhiteTeam "ARG"]
[BlackTeam "GER"]
[WhiteClock "0:00:39"]
[BlackClock "0:01:00"]

1. e4 e5 2. Nf3 Nf6 3. Nxe5 Nc6 4. Nxc6 dxc6 5. d3 Bc5 6. Be2 h5 7. h3 Qd4 8. Rf1 Qd6 9. c3 Qh2 10. Bf3 Bb6 11. Qd2 Be6 12. Qf4 Qxf4 13. Bxf4 O-O-O 14. d4 Bc4 15. Rh1 Nxe4 16. Bxe4 Rhe8 17. Nd2 Bd3 18. Be5 Bxe4 19. Nxe4 f6 20. f4 fxe5 21. dxe5 Rd3 22. Ng5 Re3+ 23. Kd2 Rd8+ 24. Kc2 Re2+ 25. Kb3 Rdd2 26. Rab1 Rxg2 27. Rhd1 Be3 28. Ne6 Kd7 29. f5 Ke7 30. Rxd2 Bxd2 31. Nxg7 Bf4 32. f6+ Kf7 33. e6+ Kxf6 34. Nxh5+ Kg5 35. Re1 Bd6 36. e7 Bxe7 37. Rxe7 Kxh5 38. Rxc7 b5 39. Rxc6 Rg7 40. Rc5+ Rg5 41. Rxg5+ 1-0

[Event "January 2 Early 2024"]
[Site "https://www.chess.com"]
[Date "2024.01.02"]
[Round "2"]
[White "Lima, Kleyton Alcantara"]
[Black "Szpar, Milosz"]
[Result "1-0"]
[Board "59"]
[TimeControl "180+1"]
[WhiteFideId "22718397"]
[BlackFideId "1184989"]
[WhiteElo "2585"]
[BlackElo "2875"]
[WhiteTeam "BRA"]
[BlackTeam "POL"]
[WhiteClock "0:00:10"]
[BlackClock "0:00:06"]

1. e4 c5 2. Nf3 d6 3. d4 cxd4 4. Nxd4 Nf6 5. Nc3 Nc6 6. Bg5 e6 7. Qd3 Bd7 8. O-O-O a6 9. f4 Be7 10. Nf3 b5 11. e5 dxe5 12. fxe5 Nd5 13. Bxe7 Ncxe7 14. Ne4 O-O 15. Nfg5 Ng6 16. Qg3 Qa5 17. Kb1 b4 18. h4 Rab8 19. h5 Nc3+ 20. bxc3 bxc3+ 21. Ka1 Rb2 22. Bc4 Nxe5 23. Qxc3 Qxc3 24. Nxc3 Nxc4 25. Rxd7 Rxc2 26. Nce4 h6 27. Nf3 Rxg2 28. Rc1 Ne3 29. Rdc7 Kh7 30. Ne5 f6 31. Ng6 Rg8 32. Nxf6# 1-0

[Event "January 2 Early 2024"]
[Site "https://www.chess.com"]
[Date "2024.01.02"]
[Round "2"]
[White "Solovchuk, Oleksiy"]
[Black "Yeletsky, Ivan"]
[Result "1/2-1/2"]
[Board "60"]
[TimeControl "180+1"]
[WhiteFideId "14115220"]
[BlackFideId "24180327"]
[WhiteElo "2582"]
[BlackElo "2869"]
[WhiteTeam "UKR"]
[BlackTeam "RUS"]
[WhiteClock "0:00:14"]
[BlackClock "0:00:06"]

1. c4 e5 2. Nc3 Bb4 3. e4 Nc6 4. Nge2 Nf6 5. g3 h5 6. h3 d6 7. Bg2 Be6 8. Nd5 Bc5 9. d3 Qd7 10. a3 a6 11. b4 Ba7 12. Rb1 Bxd5 13. exd5 Ne7 14. Nc3 Nf5 15. Bg5 Nh7 16. Qxh5 g6 17. Qg4 Nxg5 18. Qxg5 Qe7 19. Qxe7+ Kxe7 20. h4 Nd4 21. Ne4 f5 22. Ng5 Bb6 23. O-O a5 24. c5 dxc5 25. bxc5 Bxc5 26. Rxb7 Bd6 27. a4 Ne2+ 28. Kh2 Rhb8 29. Rfb1 Rxb7 30. Rxb7 Nc3 31. Ne6 Kd7 32. Bh3 Nxd5 33. Ng5 Nb6 34. h5 Kc6 35. Bg2+ e4 36. Nxe4 fxe4 37. Bxe4+ Kc5 38. Rxb6 cxb6 39. Bxa8 gxh5 40. f4 h4 41. Kh3 hxg3 42. Kxg3 b5 43. axb5 a4 44. b6 a3 45. d4+ Kxd4 46. Kf3 a2 47. f5 a1=Q 48. b7 Bb8 49. Kg4 Qa3 50. Kg5 Qf8 51. Kg6 Ke5 52. f6 Qxf6+ 53. Kh5 Kf4 1/2-1/2

[Event "January 2 Early 2024"]
[Site "https://www.chess.com"]
[Date "2024.01.02"]
[Round "2"]
[White "Rohith Krishna S"]
[Black "Veljanoski, Andrej"]
[Result "0-1"]
[Board "61"]
[TimeControl "180+1"]
[WhiteFideId "46617051"]
[BlackFideId "15003604"]
[WhiteElo "2867"]
[BlackElo "2580"]
[WhiteTeam "IND"]
[BlackTeam "MKD"]
[WhiteClock "0:01:20"]
[BlackClock "0:00:53"]

1. d4 b6 2. c4 Bb7 3. Nc3 g6 4. e4 Bg7 5. f4 d6 6. Nf3 e6 7. h4 h5 8. f5 exf5 9. exf5 Ne7 10. Bd3 Nbc6 11. d5 Ne5 12. Nxe5 Bxe5 13. O-O Nxf5 14. Bxf5 Qxh4 15. Bh3 Qxc4 16. Qf3 f5 17. Bg5 O-O 18. Rac1 Rf7 19. Rfd1 Re8 20. g3 f4 21. Ne4 Bd4+ 22. Kh1 Qxd5 23. Rxd4 Qxd4 24. Nf6+ Qxf6 0-1

[Event "January 2 Early 2024"]
[Site "https://www.chess.com"]
[Date "2024.01.02"]
[Round "2"]
[White "Maksimovic, Bojan"]
[Black "Aggelis, Nikolaos"]
[Result "1/2-1/2"]
[Board "62"]
[TimeControl "180+1"]
[WhiteFideId "14408120"]
[BlackFideId "4213220"]
[WhiteElo "2866"]
[BlackElo "2580"]
[WhiteTeam "BIH"]
[BlackTeam "GRE"]
[WhiteClock "0:00:04"]
[BlackClock "0:00:04"]

1. a3 g6 2. d4 Bg7 3. e4 Nf6 4. Nc3 d5 5. e5 Ne4 6. Nce2 f6 7. f3 Ng5 8. h4 Nf7 9. f4 c5 10. exf6 exf6 11. dxc5 Bg4 12. Be3 Nc6 13. Qd2 O-O 14. Nf3 Re8 15. O-O-O Qe7 16. Bf2 Rad8 17. Ned4 f5 18. Bb5 Qc7 19. Nxc6 bxc6 20. Bd3 Re4 21. c3 Ra4 22. Bd4 Bh6 23. Be3 Rb8 24. Rde1 Qa5 25. Qc2 Bxf4 26. Bxf4 Rxf4 27. Nd4 Re4 28. Bxe4 dxe4 29. b4 Qxa3+ 30. Qb2 Qa6 31. Qc2 Ne5 32. Kb1 Qc4 33. Qb3 Qxb3+ 34. Nxb3 Nd3 35. Re3 Kf7 36. Rf1 Kf6 37. Kc2 Ke5 38. g3 h6 39. Ra1 g5 40. hxg5 hxg5 41. Rxa7 f4 42. gxf4+ gxf4 43. Rxd3 exd3+ 44. Kxd3 Rd8+ 45. Nd4 Bf5+ 46. Kd2 Be4 47. Re7+ Kd5 48. Rf7 Ra8 49. Rxf4 Ra2+ 50. Ke3 Bb1 51. Rf6 Kc4 52. Nxc6 Kxc3 53. b5 Kc4 54. b6 Rb2 55. Nd8 Kxc5 56. Rc6+ Kd5 57. Rh6 Bf5 58. b7 Bd7 59. Kf4 Kc5 60. Ke5 Bg4 61. Kf4 Bd7 62. Ke3 Bf5 63. Kf4 Bd7 1/2-1/2

[Event "January 2 Early 2024"]
[Site "https://www.chess.com"]
[Date "2024.01.02"]
[Round "2"]
[White "Kravtsiv, Martyn"]
[Black "Taboas Rodriguez, Daniel"]
[Result "1-0"]
[Board "63"]
[TimeControl "180+1"]
[WhiteFideId "14113147"]
[BlackFideId "2208466"]
[WhiteElo "2861"]
[BlackElo "2576"]
[WhiteTeam "UKR"]
[BlackTeam "ESP"]
[WhiteClock "0:00:38"]
[BlackClock "0:00:12"]

1. e4 e5 2. Nf3 Nc6 3. Nc3 Nf6 4. a4 Bb4 5. Bd3 d6 6. O-O Bg4 7. h3 Bh5 8. Nd5 Bc5 9. c3 a5 10. Bc2 O-O 11. Nxf6+ Qxf6 12. g4 Bg6 13. d4 exd4 14. Bg5 Qe6 15. cxd4 Bxe4 16. dxc5 dxc5 17. Re1 Bxc2 18. Qxc2 Qd5 19. Qe4 Qxe4 20. Rxe4 Rfe8 21. Rae1 Kf8 22. Bf4 Rxe4 23. Rxe4 Rc8 24. Kg2 f6 25. Bg3 Kf7 26. h4 Ne7 27. Nd2 b6 28. Nc4 Nd5 29. Ne3 Nb4 30. g5 c6 31. Nf5 Rd8 32. Bc7 Rd2 33. Re7+ Kg6 34. Ng3 fxg5 35. Be5 gxh4 36. Rxg7+ Kh6 37. Nf5+ Kh5 38. Bf4 Rd5 39. Rg5# 1-0

[Event "January 2 Early 2024"]
[Site "https://www.chess.com"]
[Date "2024.01.02"]
[Round "2"]
[White "Rustemov, Alexander"]
[Black "Roberson, Peter T"]
[Result "1-0"]
[Board "65"]
[TimeControl "180+1"]
[WhiteFideId "4119002"]
[BlackFideId "412384"]
[WhiteElo "2854"]
[BlackElo "2568"]
[WhiteTeam "RUS"]
[BlackTeam "ENG"]
[WhiteClock "0:00:30"]
[BlackClock "0:00:00"]

1. d4 Nf6 2. c4 c5 3. d5 e6 4. Nc3 exd5 5. cxd5 d6 6. e4 g6 7. h3 Bg7 8. Bd3 O-O 9. Nf3 b5 10. Bxb5 Nxe4 11. Nxe4 Qa5+ 12. Nfd2 Qxb5 13. Nxd6 Qa6 14. N2c4 Nd7 15. O-O Ne5 16. Nxc8 Nxc4 17. Ne7+ Kh8 18. Qc2 Ne5 19. Rd1 c4 20. Nc6 Nxc6 21. dxc6 Rac8 22. Bd2 Qxc6 23. Bc3 Rfd8 24. Rxd8+ Rxd8 25. Bxg7+ Kxg7 26. Rc1 Qf6 27. g3 Rb8 28. Rb1 c3 29. bxc3 Rxb1+ 30. Qxb1 Qxc3 31. h4 h5 32. Qd1 a5 33. Qa4 Qe5 34. Qc4 Qf6 35. Kg2 Kh7 36. a4 Kg7 37. Kf1 Qb2 38. Qe4 Qa1+ 39. Kg2 Qc3 40. Qd5 Qb4 41. Qc6 Qd4 42. Qb5 Qc3 43. Kf1 Qc1+ 44. Ke2 Qc2+ 45. Ke3 Qc3+ 46. Ke4 Qd2 47. Qe5+ Kg8 48. Qd4 Qc2+ 49. Kd5 Qb3+ 50. Kc5 Kh7 51. Qc4 Qa3+ 52. Kb5 Qf3 53. Kxa5 Qxf2 54. Qc7 Qf5+ 55. Ka6 g5 56. hxg5 Kg6 57. a5 Qxg5 58. Ka7 h4 59. gxh4 Qxh4 60. a6 f5 61. Kb7 Qb4+ 62. Qb6+ 1-0

[Event "January 2 Early 2024"]
[Site "https://www.chess.com"]
[Date "2024.01.02"]
[Round "2"]
[White "Kuzmin, Roman"]
[Black "Ilamparthi A R"]
[Result "1-0"]
[Board "66"]
[TimeControl "180+1"]
[WhiteFideId "44134932"]
[BlackFideId "45015775"]
[WhiteElo "2567"]
[BlackElo "2851"]
[WhiteTeam "RUS"]
[BlackTeam "IND"]
[WhiteClock "0:00:31"]
[BlackClock "0:00:17"]

1. e4 c5 2. Nf3 Nc6 3. d4 cxd4 4. Nxd4 e5 5. Nb5 d6 6. c4 a6 7. N5a3 Nf6 8. Nc3 Be7 9. Nc2 O-O 10. Be2 Rb8 11. Bg5 Be6 12. Bxf6 Bxf6 13. O-O Nd4 14. Nxd4 exd4 15. Nd5 Bxd5 16. exd5 Re8 17. Bd3 Qb6 18. b3 Qa5 19. Qf3 Re5 20. h4 Rbe8 21. g3 R8e7 22. a3 Qc3 23. Rfc1 Qd2 24. Rd1 Qa5 25. b4 Qd8 26. a4 a5 27. bxa5 Qxa5 28. Rdb1 Qd2 29. Rd1 Qa5 30. Rab1 Qxa4 31. Ra1 Qd7 32. Ra8+ Re8 33. Rda1 Rxa8 34. Rxa8+ Re8 35. Rxe8+ Qxe8 36. Qf5 h6 37. c5 dxc5 38. d6 Qd8 39. Qh7+ 1-0

[Event "January 2 Early 2024"]
[Site "https://www.chess.com"]
[Date "2024.01.02"]
[Round "2"]
[White "Materia, Marco"]
[Black "AmanteDeMoi"]
[Result "1-0"]
[Board "67"]
[TimeControl "180+1"]
[WhiteFideId "45150451"]
[WhiteElo "2846"]
[BlackElo "2565"]
[WhiteTeam "FRA"]
[WhiteClock "0:00:42"]
[BlackClock "0:00:02"]

1. Nf3 g6 2. c4 Bg7 3. Nc3 e5 4. d4 exd4 5. Nxd4 Nf6 6. e4 O-O 7. Be2 Re8 8. f3 c6 9. Bg5 Qa5 10. Qd2 Nxe4 11. Nxe4 Qxd2+ 12. Kxd2 Bxd4 13. Nd6 Re6 14. Nxc8 f6 15. Bf4 g5 16. Bd6 Na6 17. Ne7+ Rxe7 18. Bxe7 d6 19. Rhe1 Bf2 20. Rf1 Bd4 21. Rae1 Kf7 22. Bd3 Be5 23. Rxe5 dxe5 24. Ba3 Rd8 25. Kc3 Nc7 26. Bxh7 Rh8 27. Bf5 Rxh2 28. Rd1 Ke8 29. Rd7 Na6 30. Re7+ Kd8 31. Rxb7 Rxg2 32. Rxa7 Nc7 33. Bd6 Ne8 34. Ra8# 1-0

[Event "January 2 Early 2024"]
[Site "https://www.chess.com"]
[Date "2024.01.02"]
[Round "2"]
[White "Korchynskyi, Mykola"]
[Black "Durarbayli, Vasif"]
[Result "0-1"]
[Board "68"]
[TimeControl "180+1"]
[WhiteFideId "34138005"]
[BlackFideId "13402935"]
[WhiteElo "2564"]
[BlackElo "2843"]
[WhiteTeam "UKR"]
[BlackTeam "AZE"]
[WhiteClock "0:00:00"]
[BlackClock "0:00:09"]

1. d4 Nf6 2. c4 e6 3. Nc3 Bb4 4. Qc2 d5 5. cxd5 exd5 6. Bg5 c5 7. e3 O-O 8. Nf3 c4 9. Be2 h6 10. Bh4 Nbd7 11. O-O Qa5 12. Nd2 b5 13. a3 Bd6 14. Bf3 Bb7 15. Qf5 g6 16. Qc2 a6 17. Rfe1 Qc7 18. Bg3 Rfe8 19. e4 dxe4 20. Ncxe4 Bxg3 21. Nxg3 Rad8 22. Rad1 Rxe1+ 23. Rxe1 Nf8 24. Bxb7 Qxb7 25. Nde4 Nxe4 26. Nxe4 Kg7 27. Rd1 Qd5 28. Nc3 Qd6 29. d5 Nd7 30. h3 Re8 31. Qd2 Nc5 32. Qd4+ Kg8 33. h4 h5 34. g3 Nb3 35. Qa7 Nc5 0-1